AoeStats
← MattAtArms

Arabia

512247848Analyzed
1v1 RM · 7d ago on Oct 8, 2026· 40m 48s· 2 players
Game mode
Random Map
Map size
Tiny (2 player)
Population
200
Speed
Normal
Resources
Standard
Victory
Conquest
Starting age
Dark Age
Ending age
Imperial Age
RankedLock teamsTeams togetherTeam positionsShared explorationLock speedFull tech treeHidden civsTurbo modeCheats
Victory
Defeat
🇧🇷 Turks · Brazil
1932
+17
vs
🇬🇧 Celts · United Kingdom
1957
-17
Hulkito
6:05 Loom
9:33 Feudal Age
10:03 Double-Bit Axe
20:20 Castle Age
18:36 Fletching
21:11 Bodkin Arrow
21:17 Padded Archer Armor
24:29 Bloodlines
25:46 Scale Barding Armor
29:55 Leather Archer Armor
29:41 Husbandry
30:15 Ballistics
31:49 Thumb Ring
38:24 Imperial Age
37:08 Chain Barding Armor
38:51 Wheelbarrow
39:36 Parthian Tactics
39:12 Bracer
41:03 Plate Barding Armor
41:11 Hand Cart
MattAtArms
5:35 Loom
9:21 Feudal Age
9:32 Man-at-Arms
10:01 Double-Bit Axe
18:26 Castle Age
16:31 Fletching
17:39 Padded Archer Armor
17:31 Gold Mining
17:58 Horse Collar
18:28 Crossbowman
19:04 Bodkin Arrow
21:00 Bow Saw
27:24 Ballistics
31:20 Wheelbarrow
30:30 Town Watch
40:42 Imperial Age
37:35 Elite Skirmisher
41:13 Leather Archer Armor
Connection lost

Rejoining the realm…

Still unreachable

The connection could not be restored.

Session expired

The server has moved on; the page needs a fresh start.